 Dungeon Crawl Stone Soup version 0.16.0-17-g811c1d7 (console) character file.

38 gw the Ruffian (level 3, 0/33 HPs)
             Began as a Minotaur Monk on Mar 21, 2015.
             Killed from afar by Sigmund (4 damage)
             ... with a magic dart
             ... on level 2 of the Dungeon.
             The game lasted 00:00:55 (1222 turns).

gw the Ruffian (Minotaur Monk)                      Turns: 1222, Time: 00:00:55

Health: 0/33       AC:  4    Str: 15    XL:     3   Next: 25%
Magic:  2/2        EV: 13    Int:  7    God:
Gold:   55         SH:  0    Dex: 13    Spells: 0 memorised, 2 levels left

rFire  . . .     SeeInvis .       - Unarmed
rCold  . . .     Clarity  .     c - +0 leather armour
rNeg   . . .     SustAb   .     (no shield)
rPois  .         Gourm    .     (helmet restricted)
rElec  .         Spirit   .     (no cloak)
rCorr  .         Warding  .     (no gloves)
rMut   .         Stasis   .     d - +0 pair of boots
MR     .....                    (no amulet)
Stlth  +.........               (no ring)
                                (no ring)

@: not resistant to hostile enchantments, very unstealthy
A: retaliatory headbutt, horns 2
a: no special abilities


You were on level 2 of the Dungeon.
You were not hungry.

You visited 1 branch of the dungeon, and saw 2 of its levels.

You collected 55 gold pieces.

Inventory:

Missiles
 h - 40 stones (quivered)
Armour
 c - a +0 leather armour (worn)
 d - a +0 pair of boots (worn)
Scrolls
 a - a scroll of enchant weapon {unknown}
Potions
 e - a potion of magic {unknown}
Comestibles
 b - a bread ration
 f - 2 slices of pizza


   Skills:
 + Level 3.7 Fighting
 + Level 0.8 Throwing
 + Level 1.6 Armour
 - Level 3.2 Dodging
 - Level 1.5 Stealth
 * Level 5.1 Unarmed Combat


You had 2 spell levels left.
You didn't know any spells.

Dungeon Overview and Level Annotations

Branches:
Dungeon (2/15)

Altars:

Annotations:
D:2 Sigmund


Innate Abilities, Weirdness & Mutations

You reflexively headbutt those who attack you in melee.
You have a pair of horns on your head.


Message History

Unknown command.
Unknown command.
Unknown command.
Unknown command.
ATTACK MOVE TO (0,-1)
You hit Sigmund! You headbutt Sigmund!
Sigmund is almost dead.
Sigmund gestures at you while chanting. The magic dart hits you!
Unknown command.
Unknown command.
Unknown command.
Unknown command.
ATTACK MOVE TO (0,-1)
You closely miss Sigmund.
Sigmund is almost dead.
The kobold closely misses you. Sigmund casts a spell at you.
The magic dart hits you!
You die...

... ....... .....#
.....# .S...#
#....# ## #....#
#. #@K..# #.
#H...# ######.
#....# #))).'.
#....#######)####.
#..........).# ##
#............#
#............#
#............#
#............#
#.......######


You could see Sigmund, an adder and a kobold.

Table legend:
 A = Turns spent in this place as a percentage of turns spent in the entire game.
 B = Non-inter-level travel turns spent in this place as a percentage of non-inter-level travel turns spent in the entire game.
 C = Inter-level travel turns spent in this place as a percentage of turns spent in this place.
 D = Turns resting spent in this place as a percentage of non-inter-level travel turns spent in this place.
 E = Turns spent auto-exploring this place as a percentage of non-inter-level travel turns spent in this place.
 F = Non-inter-level travel turns spent in this place divided by the number of levels of this place that you've seen.
                   A       B       C       D       E      F
               +-------+-------+-------+-------+-------+----------------------
         Total | 100.0 | 100.0 |   0.1 |   1.2 |   3.0 | 591.5
       Dungeon | 100.0 | 100.0 |   0.1 |   1.2 |   3.0 | 591.5
               +-------+-------+-------+-------+-------+----------------------

Table legend:
 A = Kills in this place as a percentage of kills in entire the game.
 B = Kills by you in this place as a percentage of kills by you in the entire game.
 C = Kills by friends in this place as a percentage of kills by friends in the entire game.
 D = Other kills in this place as a percentage of other kills in the entire game.
 E = Experience gained in this place as a percentage of experience gained in the entire game.
 F = Experience gained in this place divided by the number of levels of this place that you have seen.
                   A       B       C       D       E      F
               +-------+-------+-------+-------+-------+----------------------
         Total | 100.0 | 100.0 |  -nan |  -nan | 100.0 |  27.5
       Dungeon | 100.0 | 100.0 |  -nan |  -nan | 100.0 |  27.5
               +-------+-------+-------+-------+-------+----------------------

Vanquished Creatures
  Robin (D:2)
  A worm (D:2)
  A giant cockroach (D:1)
  12 goblins
  4 hobgoblins
  2 rats (D:1)
21 creatures vanquished.

Vanquished Creatures (others)
  4 toadstools (D:1)
4 creatures vanquished.

Grand Total: 25 creatures vanquished

Notes
Turn   | Place    | Note
--------------------------------------------------------------
     0 | D:1      | gw, the Minotaur Monk, began the quest for the Orb.
     0 | D:1      | Reached XP level 1. HP: 19/19 MP: 1/1
   758 | D:2      | Reached XP level 2. HP: 26/26 MP: 1/1
   764 | D:2      | Reached skill level 1 in Armour
   895 | D:2      | Noticed Robin
   913 | D:2      | Reached skill level 5 in Unarmed Combat
   919 | D:2      | Killed Robin
   919 | D:2      | Reached XP level 3. HP: 4/33 MP: 2/2
  1214 | D:2      | Noticed Sigmund
  1222 | D:2      | Killed from afar by Sigmund

Action                   || total
-------------------------++-------
Melee: Unarmed           ||    41
Throw: Stone             ||     9
  Use: Potion            ||     3
       Scroll            ||     2
 Stab: Sleeping          ||     1
  Eat: Chunk             ||     1

Vault maps used:
D:1:      ldierk_walled_garden_2, columned_hall_lemuel
D:2:      grunt_ministairs_3, uniq_robin, uniq_crazy_yiuf_cottage, uniq_sigmund
